 Dungeon Crawl Stone Soup version 0.22-a0-86-g94e0ad4 (webtiles) character file.

30023 junb69 the Fighter (level 13, 0/119 HPs)
             Began as a Yellow Draconian Gladiator on Jan 21, 2018.
             Was a High Priest of Ashenzari.
             Killed from afar by a frost giant (34 damage)
             ... with a bolt of cold
             ... in an ice cave.
             The game lasted 00:40:06 (18105 turns).

junb69 the Fighter (Yellow Draconian Gladiator)    Turns: 18105, Time: 00:40:06

Health: 0/119      AC: 12    Str: 19    XL:     13   Next: 18%
Magic:  13/13      EV: 19    Int: 11    God:    Ashenzari [*****.]
Gold:   891        SH: 13    Dex: 13    Spells: 12/12 levels left

rFire    . . .     SeeInvis +   C - +6 scimitar (flame) (curse)
rCold    . . .     Gourm    .   w - +0 shield (curse)
rNeg     . . .     Faith    +   (armour unavailable)
rPois    +         Spirit   .   b - +0 hat
rElec    .         Reflect  .   (no cloak)
rCorr    +         Harm     .   y - +2 pair of gloves (curse)
MR       .....     Clarity  +   D - +0 pair of boots (curse)
Stlth    +.........             u - amulet of faith
HPRegen  0.29/turn              g - ring of poison resistance
MPRegen  0.13/turn              (no ring)

@: short of breath, slowed, very slow
A: spit acid, acid resistance, unfitting armour, cold-blooded, AC +8
a: Breathe Acid, Curse Item, Scrying, Transfer Knowledge, Renounce Religion


You were in an ice cave.
You worshipped Ashenzari.
Ashenzari was extremely pleased with you.
You were not hungry.

You visited 3 branches of the dungeon, and saw 14 of its levels.
You also visited: Ice Cave.

You collected 891 gold pieces.

Inventory:

Hand Weapons
 B - the cursed +1 long sword "Riqydade" {antimagic, rElec rPois Dex+4 SInv}
   (You found it on level 8 of the Dungeon)

   It reduces the magical energy of the wielder, and disrupts the spells and
   magical abilities of those hit.
   Natural abilities and divine invocations are not affected.
   It affects your dexterity (+4).
   It insulates you from electricity.
   It protects you from poison.
   It lets you see invisible.
   It has a curse placed upon it.
 C - a cursed +6 scimitar of flaming (weapon)
Missiles
 c - 3 throwing nets (quivered)
 F - 7 silver javelins
Armour
 b - a +0 hat (worn)
 w - a cursed +0 shield (worn)
 y - a cursed +2 pair of gloves (worn)
 D - a cursed +0 pair of boots (worn)
Jewellery
 g - a ring of poison resistance (left hand)
 u - an amulet of faith (around neck)
Wands
 n - a wand of acid (3)
 r - a wand of random effects (38)
Scrolls
 f - a scroll of vulnerability
 k - 3 scrolls of teleportation
 l - 2 scrolls of holy word
 m - 2 scrolls of fear
 q - 2 scrolls of magic mapping
 t - 3 scrolls of fog
 G - 2 scrolls of blinking {unknown}
 H - 2 scrolls of remove curse
 I - a scroll of immolation {unknown}
Potions
 a - a potion of mutation {unknown}
 h - 4 potions of brilliance {unknown}
 i - 9 potions of curing
 j - 2 potions of resistance {unknown}
 o - 2 potions of lignification {unknown}
 p - 3 potions of invisibility {unknown}
 v - 2 potions of degeneration {unknown}
 x - 3 potions of heal wounds
 z - a potion of agility {unknown}
 A - a potion of flight {unknown}
 E - a potion of cancellation {unknown}
 K - 2 potions of magic {unknown}
Books
 s - a Young Poisoner's Handbook

   Spells                             Type                      Level
   a - Sting                          Conjuration/Poison           1
   b - Poisonous Vapours              Poison/Air                   2
   c - Mephitic Cloud                 Conjuration/Poison/Air       3
   d - Olgreb's Toxic Radiance        Poison                       4
   e - Venom Bolt                     Conjuration/Poison           5
 J - a book of Callings

   Spells                             Type                      Level
   a - Summon Small Mammal            Summoning                    1
   b - Call Imp                       Summoning                    2
   c - Call Canine Familiar           Summoning                    3
   d - Summon Guardian Golem          Hexes/Summoning              3
   e - Summon Lightning Spire         Summoning/Air                4
   f - Summon Ice Beast               Ice/Summoning                4
 L - a book of Alchemy

   Spells                             Type                      Level
   a - Sublimation of Blood           Necromancy                   2
   b - Ignite Poison                  Fire/Transmutation/Poison    3
   c - Petrify                        Transmutation/Earth          4
   d - Alistair's Intoxication        Transmutation/Poison         5
   e - Irradiate                      Conjuration/Transmutation    5
Comestibles
 d - 12 rations


   Skills:
 - Level 12.4 Fighting
 - Level 10.0(13.8) Long Blades
 - Level 1.7 Throwing
 - Level 11.2 Dodging
 * Level 12.3(14.6) Shields


You had 12 spell levels left.
You didn't know any spells.

Dungeon Overview and Level Annotations

Branches:
Dungeon (11/15)            Temple (1/1) D:4            Lair (2/6) D:11
    Orc (0/2) D:10
  Swamp: Lair:2-4    Shoals: Lair:2-4     Snake: Lair:2-4    Spider: Lair:2-4

Altars:
Ashenzari
Cheibriados
Dithmenos
Elyvilon
Fedhas
Gozag
Hepliaklqana
Kikubaaqudgha
Makhleb
Nemelex Xobeh
Okawaru
Qazlal
Ru
Sif Muna
Trog
Uskayaw
Vehumet
Wu Jian
Xom
Yredelemnul
Zin
The Shining One

Shops:
D:5 *

Portals:
Trove: D:10 (show slimy rune of Zot)

Annotations:
Lair:1 exclusion: oklob plant


Innate Abilities, Weirdness & Mutations

You can spit globs of acid.
You are resistant to acid.
Your golden yellow scales are hard. (AC +8)
You cannot fit into any form of body armour.
You are cold-blooded and may be slowed by cold attacks.


Message History

Moving in this stuff is going to be slow.
The frost giant casts a spell at you. The bolt of cold misses you.
The frost giant casts a spell at you. The bolt of cold hits you!
You are engulfed in freezing vapours.
Press: ? - help, Shift-Dir - straight line, f/p - frost giant
Aim: a frost giant, wielding a battleaxe of freezing You spit a glob of acid.
The glob of acid hits the frost giant.
The frost giant is splashed with acid.
The acid corrodes the frost giant!
The frost giant is lightly wounded.
The frost giant is splashed with acid.
The acid corrodes the frost giant!
You feel somewhat more hungry.
The frost giant gestures at you while chanting.
The bolt of cold hits you!
You are engulfed in freezing vapours.
You feel yourself slow down.
* * * LOW HITPOINT WARNING * * *
The frost giant points at you and mumbles some strange words.
The bolt of cold hits you!
You die...

* ≈*#..#.#...# # * ≈
##...##..### *≈* *≈ ≈
#..####...# #≈≈* ##.#≈
##..# ## #≈ ≈ ≈≈###
≈##.###. #≈ * ### ≈≈
≈≈#..##.. #≈≈
##.####≈≈≈##.##... #≈##
#...#.##* #..##(.? #≈≈#
#@#....####.###.⌠.
#≈≈###§##.#.#.#.####[.(
#≈≈#§#####...#.###....
####≈≈C#
####...÷##..#..
##.##≈≈##≈≈#
###..###.###
#.⌠.##≈≈#≈≈##
##..##..##
##.##≈≈≈≈≈≈≈##
######†#.
#.###≈#≈≈≈≈≈≈#≈* ##.÷
##.##.≈#≈#≈≈≈≈≈* #..


You could see a frost giant.

Vanquished Creatures
  2 hydras
  The ghost of anet the Thaumaturge, a journeyman DEWz of Ashenzari (D:11)
  Erica (D:8)
  3 two-headed ogres
  A death yak (IceCv)
  4 skeletal warriors (D:11)
  2 centaur zombies
  Joseph (D:7)
  3 spiny frogs (Lair:1)
  Psyche (D:8)
  An ice statue (IceCv)
  2 komodo dragons (Lair:1)
  2 rime drakes
  17 polar bears (IceCv)
  A merfolk (D:10)
  2 ice devils (Lair:2)
  A harpy zombie (D:11)
  Grinder (D:6)
  A hornet (D:10)
  3 hippogriffs
  A wyvern (D:10)
  32 yaks
  2 steam dragons
  6 water moccasins
  A porcupine (D:11)
  9 orc warriors
  4 sky beasts
  A phantom (D:4)
  3 ice beasts
  21 wolves
  5 centaurs
  3 ogres
  6 crocodiles
  12 bullfrogs
  3 big kobolds
  2 gnoll sergeants
  A wyvern zombie (D:9)
  2 scorpions
  A wyvern skeleton (D:7)
  12 killer bees
  3 wights (D:10)
  A crimson imp (D:7)
  4 jellies
  A quasit (D:6)
  4 hounds
  14 orc priests
  9 orc wizards
  A bullfrog skeleton (D:10)
  A centaur skeleton (D:10)
  A gnoll shaman (D:5)
  An iguana (D:7)
  Ijyb (D:4)
  13 worker ants
  A hound skeleton (D:6)
  A howler monkey zombie (D:6)
  A worker ant zombie (D:3)
  15 gnolls
  9 adders
  2 shadow imps
  4 oozes
  An adder skeleton (D:4)
  2 adder zombies
  2 worms
  3 dart slugs
  7 leopard geckos
  59 orcs
  14 bats
  6 giant cockroaches
  8 goblins
  9 hobgoblins
  15 jackals
  8 quokkas
  3 frilled lizards
  18 kobolds
  A quokka zombie (D:6)
  18 rats
438 creatures vanquished.

Vanquished Creatures (others)
  An orc wizard (D:9)
  A rat (D:1)
  9 fungi
  2 plants
13 creatures vanquished.

Grand Total: 451 creatures vanquished

Notes
Turn   | Place    | Note
-------+----------+-------------------------------------------
     0 | D:1      | junb69 the Draconian Gladiator began the quest for the Orb.
     0 | D:1      | Reached XP level 1. HP: 17/17 MP: 1/1
   165 | D:1      | Reached XP level 2. HP: 17/26 MP: 2/2
   593 | D:1      | Reached XP level 3. HP: 18/33 MP: 3/3
  1021 | D:2      | Noticed a dagger
  1023 | D:2      | Noticed a hand axe
  1023 | D:2      | Found a hide-covered altar of Uskayaw.
  1054 | D:2      | Found a sparkling altar of Nemelex Xobeh.
  1122 | D:2      | Found a deep blue altar of Sif Muna.
  1123 | D:2      | Found an ancient bone altar of Kikubaaqudgha.
  1123 | D:2      | Found a radiant altar of Vehumet.
  1131 | D:2      | Identified Kikubaaqudgha's Guide on Black Rituals
  1172 | D:2      | Reached XP level 4. HP: 30/41 MP: 4/4
  1364 | D:2      | Reached skill level 5 in Fighting
  1897 | D:2      | Found a sacrificial altar of Ru.
  1898 | D:2      | Found a stormy altar of Qazlal.
  2007 | D:3      | Reached XP level 5. HP: 30/50 MP: 5/5
  2419 | D:3      | Noticed a moth of wrath
  2421 | D:3      | Found a bloodstained altar of Trog.
  2741 | D:4      | Found a staircase to the Ecumenical Temple.
  2758 | Temple   | Entered the Ecumenical Temple
  2834 | Temple   | Became a worshipper of Ashenzari the Shackled
  2932 | D:4      | Noticed Ijyb
  2948 | D:4      | Reached XP level 6. HP: 45/60 MP: 6/6
  2970 | D:4      | Killed Ijyb
  3220 | D:4      | Found a burning altar of Makhleb.
  3680 | D:4      | Found a shadowy altar of Dithmenos.
  3689 | D:4      | Identified the cursed ring of Syndicalism {MP-9 AC-4 Int+2 Dex+4 SInv}
  3825 | D:5      | Entered Level 5 of the Dungeon
  3825 | D:5      | Found Goynam's Elemental Accessories.
  3874 | D:5      | Your scales start taking on a golden yellow colour.
  3874 | D:5      | Reached XP level 7. HP: 69/69 MP: 7/7
  4850 | D:5      | Reached skill level 10 in Fighting
  4942 | D:5      | Found a hazy altar of Hepliaklqana.
  4942 | D:5      | Reached * piety under Ashenzari
  5115 | D:5      | Reached XP level 8. HP: 46/80 MP: 8/8
  5542 | D:6      | Reached skill level 5 in Long Blades
  6094 | D:6      | Found a white marble altar of Elyvilon.
  6416 | D:6      | Noticed Grinder
  6419 | D:6      | Paralysed by Grinder for 5 turns
  6429 | D:6      | Killed Grinder
  6985 | D:7      | Found a glowing golden altar of the Shining One.
  7000 | D:7      | Reached XP level 9. HP: 86/86 MP: 9/9
  7177 | D:7      | Noticed a two-headed ogre
  7193 | D:7      | Killed a two-headed ogre
  7487 | D:7      | Reached ** piety under Ashenzari
  7537 | D:7      | Reached skill level 10 in Long Blades
  8009 | D:7      | Reached skill level 5 in Dodging
  8748 | D:8      | Noticed Erica
  8995 | D:7      | Reached XP level 10. HP: 74/94 MP: 10/10
  8998 | D:7      | Reached skill level 1 in Shields
  9133 | D:8      | Killed Erica
  9858 | D:8      | Noticed Joseph
  9874 | D:7      | Killed Joseph
  9986 | D:8      | Got the cursed long sword "Riqydade" {antimagic, rElec rPois Dex+4 SInv}
 10044 | D:8      | Found a shadowy altar of Dithmenos.
 10058 | D:8      | Noticed Psyche
 10067 | D:8      | Killed Psyche
 10356 | D:9      | Reached skill level 5 in Shields
 10399 | D:9      | Noticed a two-headed ogre
 10404 | D:9      | Killed a two-headed ogre
 10419 | D:9      | Noticed a six-headed hydra
 10429 | D:9      | Killed a three-headed hydra
 10561 | D:9      | Reached XP level 11. HP: 101/101 MP: 11/11
 10605 | D:9      | Reached *** piety under Ashenzari
 11229 | D:9      | Found a glowing silver altar of Zin.
 11230 | D:9      | Found an opulent altar of Gozag.
 11595 | D:10     | Entered Level 10 of the Dungeon
 11938 | D:10     | Noticed a two-headed ogre
 11944 | D:10     | Killed a two-headed ogre
 12004 | D:10     | Found a portal to a secret trove of treasure.
 12059 | D:10     | Identified the cursed +1 long sword "Riqydade" {antimagic, rElec rPois Dex+4 SInv} (You found it on level 8 of the Dungeon)
 12138 | D:10     | Reached **** piety under Ashenzari
 12169 | D:10     | Found a staircase to the Orcish Mines.
 13201 | D:11     | Identified the +7 broad axe of Triumph {antimagic, rElec Int+3} (You took it off a kobold on level 11 of the Dungeon)
 13607 | D:11     | Found a blossoming altar of Fedhas.
 13617 | D:11     | Noticed a skeletal warrior
 13617 | D:11     | Noticed a skeletal warrior
 13644 | D:11     | Killed a skeletal warrior
 13644 | D:11     | Reached skill level 10 in Dodging
 13650 | D:11     | Killed a skeletal warrior
 13765 | D:11     | Noticed a skeletal warrior
 13767 | D:11     | Noticed a skeletal warrior
 13778 | D:11     | Killed a skeletal warrior
 13786 | D:11     | Killed a skeletal warrior
 13786 | D:11     | Reached XP level 12. HP: 45/110 MP: 12/12
 13916 | D:11     | Found a staircase to the Lair.
 13969 | D:11     | Noticed anet's ghost (journeyman DEWz)
 14005 | D:11     | Killed anet's ghost
 14228 | Lair:1   | Entered Level 1 of the Lair of Beasts
 14245 | Lair:1   | Noticed a five-headed hydra
 14252 | Lair:1   | Killed a one-headed hydra
 15429 | Lair:2   | Found a frozen archway.
 15445 | IceCv    | Entered an ice cave
 15452 | IceCv    | Reached ***** piety under Ashenzari
 15473 | IceCv    | Reached skill level 10 in Shields
 16725 | IceCv    | Noticed a death yak
 16738 | IceCv    | Killed a death yak
 16863 | IceCv    | Reached XP level 13. HP: 80/119 MP: 13/13
 17419 | IceCv    | Noticed a frost giant
 18105 | IceCv    | Killed from afar by a frost giant

Vault maps used:
D:1:      shiori_arrival_oz, glass_columns_c
D:2:      grunt_temple_overflow_magic_moments, dancing_weapons_uskayaw,
          gammafunk_temple_overflow_statue, first_ration,
          nemelex_dance_club_becter
D:3:      tgw_trog
D:4:      lemuel_doored_altar, nicolae_overflow_hidden_temple, temple_statues,
          grunt_dithmenos_smoke_and_mirrors, uniq_ijyb
D:5:      nicolae_overflow_crystal_walls, nicolae_elemental_shop
D:6:      basic_altar, uniq_grinder
D:7:      lemuel_crystal_altar
D:8:      lemuel_crystal_altar, uniq_joseph, uniq_erica, uniq_psyche
D:9:      grunt_temple_overflow_gold_and_silver
D:10:     david_orc_1_choice, enter_trove_2, hangedman_fish_farm
D:11:     grunt_lair_entry_orc_guard_hut, fedhas_bush_and_centaur_altar
Temple:   nicolae_temple_figure_zero
Lair:1:   beast_lair_carwin_11, minmay_lair_oklob_chamber
Lair:2:   portal_ice_cave_demonic_guard, grunt_megastairs_1
IceCv:    ice_cave_caverns_03

Skill      XL: |  1  2  3  4  5  6  7  8  9 10 11 12 13 |
---------------+----------------------------------------+-----
Fighting       | 3 4 5 7 8 10 11 12 | 12.4
Long Blades    | 7 10 | 10.0
Dodging        | 5 8 10 11 | 11.2
Shields        | 6 8 11 12 | 12.3
Throwing       | |  1.7

Action                   |  1- 3 |  4- 6 |  7- 9 | 10-12 | 13-15 || total
-------------------------+-------+-------+-------+-------+-------++-------
Melee: Long sword        |   116 |   238 |   321 |    14 |       ||   689
       Tailslap          |     9 |    37 |    43 |   105 |    13 ||   207
       Scimitar          |       |       |       |   649 |    69 ||   718
Throw: Throwing net      |       |       |       |     1 |       ||     1
Invok: Curse Item        |       |       |     2 |     1 |       ||     3
 Abil: Breathe Acid      |       |       |    12 |    20 |     2 ||    34
Evoke: Wand              |       |     2 |     4 |     5 |     1 ||    12
  Use: Scroll            |       |       |     5 |    11 |     1 ||    17
 Stab: Sleeping          |     2 |       |     2 |     1 |       ||     5
       Confused          |       |       |       |       |     6 ||     6
  Eat: Chunk             |     1 |     9 |    15 |    20 |     1 ||    46
       Ration            |       |       |     1 |     3 |     1 ||     5
Armor: Skin              |    42 |    66 |   112 |   102 |    21 ||   343
Dodge: Dodged            |   116 |   225 |   286 |   294 |    54 ||   975
Block: Shield            |       |       |    22 |   307 |    61 ||   390
       Rpst.: Long sword |    34 |    72 |    80 |     3 |       ||   189
       Scimitar          |       |       |       |    84 |     5 ||    89

Table legend:
 A = Spawn XP
 B = Non-spawn XP
 C = Spawn XP percentage of total XP
 D = Spawn monster count
 E = Non-spawn monster count
 F = Spawn count percentage of total count
 G = Total turns spent on level
                    A         B        C        D         E        F      G
               +---------+---------+-------+---------+---------+-------+---------
         Total |       0 |   42891 |   0.0 |       0 |     439 |   0.0 | 18105
               +---------+---------+-------+---------+---------+-------+---------
           D:1 |       0 |      53 |   0.0 |       0 |      29 |   0.0 |   910
           D:2 |       0 |      90 |   0.0 |       0 |      28 |   0.0 |  1054
           D:3 |       0 |     211 |   0.0 |       0 |      46 |   0.0 |   777
           D:4 |       0 |     490 |   0.0 |       0 |      21 |   0.0 |  1241
           D:5 |       0 |     689 |   0.0 |       0 |      22 |   0.0 |  1057
           D:6 |       0 |    1254 |   0.0 |       0 |      28 |   0.0 |  2348
           D:7 |       0 |    3276 |   0.0 |       0 |      36 |   0.0 |  1609
           D:8 |       0 |    2194 |   0.0 |       0 |      23 |   0.0 |  1141
           D:9 |       0 |    4540 |   0.0 |       0 |      37 |   0.0 |  1368
          D:10 |       0 |    3764 |   0.0 |       0 |      37 |   0.0 |  1207
          D:11 |       0 |    7262 |   0.0 |       0 |      48 |   0.0 |  1426
        Lair:1 |       0 |    5476 |   0.0 |       0 |      22 |   0.0 |   830
        Lair:2 |       0 |    2721 |   0.0 |       0 |      15 |   0.0 |   387
         IceCv |       0 |   10871 |   0.0 |       0 |      47 |   0.0 |  2660
               +---------+---------+-------+---------+---------+-------+---------
